 Dungeon Crawl Stone Soup version 0.19-a0-1861-g35def1e (webtiles) character file.

462 Amnesiac the Covert (level 6, -8/34 HPs)
             Began as a Deep Elf Assassin on Oct 12, 2016.
             Mangled by an ogre
             ... wielding a +0 giant spiked club
              (38 damage)
             ... on level 4 of the Dungeon.
             The game lasted 00:04:42 (1662 turns).

Amnesiac the Covert (Deep Elf Assassin)             Turns: 1662, Time: 00:04:43

Health: -8/34      AC:  3    Str: 13    XL:     6   Next: 79%
Magic:  8/8        EV: 12    Int: 16    God:
Gold:   128        SH:  0    Dex: 17    Spells: 0 memorised, 5 levels left

rFire  . . .     SeeInvis .     w - +2 dagger (chaos)
rCold  . . .     Gourm    .     c - +0 robe
rNeg   . . .     Faith    .     (no shield)
rPois  .         Spirit   .     (no helmet)
rElec  .         Dismiss  .     d - +0 cloak
rCorr  .         Reflect  .     (no gloves)
MR     .....     Harm     +     (no boots)
Stlth  ++++......               m - amulet of harm
                                (no ring)
                                t - +4 ring of strength

@: no status effects
A: no striking features
a: no special abilities


You were on level 4 of the Dungeon.
You were not hungry.

You visited 1 branch of the dungeon, and saw 5 of its levels.

You collected 128 gold pieces.

Inventory:

Hand Weapons
 e - a +0 blowgun
 w - a +2 dagger of chaos (weapon)
 y - a +1 dagger of holy wrath
Missiles
 b - 8 poisoned needles
 f - 2 curare-tipped needles
 s - 3 steel tomahawks (quivered)
Armour
 c - a +0 robe (worn)
 d - a +0 cloak (worn)
Jewellery
 m - an amulet of harm (around neck)
 t - a +4 ring of strength (left hand)
Scrolls
 h - a scroll of enchant weapon {unknown}
 i - a scroll of enchant armour {unknown}
 l - 3 scrolls of teleportation {unknown}
 o - 2 scrolls of identify {unknown}
 r - a scroll of random uselessness {unknown}
 u - a scroll of magic mapping {unknown}
Potions
 k - a potion of lignification
 n - a potion of brilliance {unknown}
 p - a potion of cancellation {unknown}
 q - 2 potions of curing {unknown}
 v - a potion of mutation {unknown}
Comestibles
 a - a slice of pizza
 g - 2 bread rations
 j - 2 meat rations
 x - 5 chunks of flesh


   Skills:
 - Level 1.5 Fighting
 + Level 4.4 Short Blades
 - Level 2.0 Throwing
 - Level 1.2 Dodging
 * Level 9.1 Stealth


You had 5 spell levels left.
You didn't know any spells.

Dungeon Overview and Level Annotations

Branches:
Dungeon (5/15)
 Temple: D:4-7

Altars:
Ru
Xom
The Shining One


Message History

Adjust which item? (? for menu, Esc to quit)
y - a +2 dagger of chaos (weapon)
Adjust to which letter? (? for menu, Esc to quit)
w - a +2 dagger of chaos (weapon);
y - a +1 dagger of holy wrath Unknown command.
You start resting.
Eating one of 6 chunks of flesh.
You start eating one of the 6 chunks of flesh.
You are feeling hungry.
You continue eating. x2
You finish eating.
This raw flesh tastes terrible.
No target in view!
No target in view!
The ogre shouts!
You hit the ogre.
The ogre has an odd expression for a moment.
The ogre is lightly wounded.
The ogre hits you with a giant spiked club!!
Ouch! That really hurt!
You die...

###################
#..................
#.................a
#..................
#......##.........
##......##.@O......
#.......##.......##
#.......##########
#...>............#
#..[.............#
##......##.......#
##......##.......#
.........##.......#
.........##.......#


You could see an ogre and a worker ant (wandering).

Vanquished Creatures
  An ogre (D:4)
  4 crimson imps (D:4)
  A hound (D:5)
  A bullfrog skeleton (D:5)
  An iguana (D:4)
  An orc wizard (D:3)
  2 worker ants (D:5)
  3 adders
  A shadow imp (D:5)
  A worm (D:2)
  2 leopard geckos (D:4)
  9 orcs
  9 goblins
  A hobgoblin (D:1)
  4 kobolds (D:1)
  3 bats (D:1)
  4 rats
48 creatures vanquished.

Notes
Turn   | Place    | Note
-------+----------+-------------------------------------------
     0 | D:1      | Amnesiac the Deep Elf Assassin began the quest for the Orb.
     0 | D:1      | Reached XP level 1. HP: 12/12 MP: 3/3
    74 | D:2      | Reached skill level 5 in Stealth
   221 | D:2      | Found a faded altar of an unknown god.
   233 | D:2      | Became a worshipper of the Shining One
   233 | D:2      | Reached * piety under the Shining One
   245 | D:2      | Reached XP level 2. HP: 15/16 MP: 4/4
   256 | D:1      | Was placed under penance by the Shining One
   571 | D:3      | Reached XP level 3. HP: 17/20 MP: 5/5
   599 | D:3      | Reached skill level 6 in Stealth
   611 | D:4      | Noticed an ogre
   613 | D:4      | Killed an ogre
   613 | D:4      | Reached skill level 7 in Stealth
   613 | D:4      | Reached XP level 4. HP: 24/25 MP: 6/6
   613 | D:4      | Reached XP level 5. HP: 28/29 MP: 7/7
   683 | D:4      | Found a shimmering altar of Xom.
   715 | D:4      | Found a sacrificial altar of Ru.
  1219 | D:5      | Entered Level 5 of the Dungeon
  1320 | D:4      | Fell from the grace of the Shining One
  1327 | D:4      | Reached skill level 8 in Stealth
  1342 | D:4      | Reached XP level 6. HP: 22/34 MP: 8/8
  1585 | D:4      | Reached skill level 9 in Stealth
  1662 | D:4      | Mangled by an ogre

Vault maps used:
D:1:      ncdulo_wetmaze, minmay_tiny_reverse_x
D:2:      ecumenical_altar_1, minmay_hexomino_r4
D:3:      first_bread, st_stairs_12, uniq_sigmund
D:4:      nicolae_ru_awakened_eye, led_xom_imps
D:5:      lemuel_round_altar, minivault_24, corexii_corridor_pit

Skill      XL: |  1  2  3  4  5  6 |
---------------+-------------------+-----
Stealth        | 5 7 8 9 |  9.1
Short Blades   | 3 4 |  4.4
Fighting       | |  1.5
Throwing       | |  2.0
Dodging        | |  1.2

Action                   |  1- 3 |  4- 6 || total
-------------------------+-------+-------++-------
Melee: Dagger            |    57 |   105 ||   162
 Fire: Blowgun           |     8 |     2 ||    10
  Use: Potion            |       |     2 ||     2
 Stab: Sleeping          |     8 |     5 ||    13
  Eat: Chunk             |       |     3 ||     3
Armor: Robe              |    13 |    10 ||    23
       Skin              |       |    45 ||    45
Dodge: Dodged            |    37 |    47 ||    84
